 Dungeon Crawl Stone Soup version 0.30-a0-219-gf2db51d15e (webtiles) character file.

Game seed: 3880525133633321473

18596 elmucho the Nimble (level 12, -7/81 HPs)
             Began as a Merfolk Ice Elementalist on Oct 5, 2022.
             Was a Believer of Vehumet.
             Mangled by a shadow (17 damage)
             ... on level 2 of the Abyss on Oct 6, 2022.
             The game lasted 01:53:43 (12061 turns).

elmucho the Nimble (Merfolk Ice Elementalist)      Turns: 12061, Time: 01:53:43

Health: -7/81      AC: 13    Str: 14    XL:     12   Next: 60%
Magic:  13/21      EV: 18    Int: 19    God:    Vehumet [**....]
Gold:   574        SH:  0    Dex: 15    Spells: 8/26 levels left

rFire   . . .      SeeInvis .    l - +7 Screaming Sword {vorpal, sonic wave}
rCold   . . .      Faith    .    (no shield)
rNeg    . . .      Spirit   .    O - +0 steam dragon scales
rPois   .          Reflect  .    (no helmet)
rElec   .          Harm     .    z - scarf {repulsion}
rCorr   .          Rampage  .    f - +0 pair of gloves
Will    .....                    E - +0 pair of boots {Stlth+}
Stlth   +++++.....               A - amulet of regeneration
HPRegen 0.00/turn                q - +4 ring of protection
MPRegen 0.17/turn                p - +6 ring of strength

@: mighty, sick, repel missiles, unable to drink
A: (nimble swimmer 2), mertail, iridescent scales 1, low MP 1, robust 1,
inability to drink after injury 1
a: Renounce Religion


You were on level 2 of the Abyss.
You worshipped Vehumet.
Vehumet was pleased with you.
You visited 2 branches of the dungeon, and saw 12 of its levels.
You visited the Abyss 1 time.
You also visited: Bailey.

You collected 730 gold pieces.
You spent 156 gold pieces at shops.

Inventory:

Hand Weapons
 e - a +1 short sword
 j - a +0 short sword
 l - the +7 Screaming Sword (weapon) {vorpal, sonic wave}
   (You found it on level 5 of the Dungeon)

   It inflicts extra damage upon your enemies.
   It radiates damaging sonic waves as it strikes, especially in combat
   involving dangerous or numerous foes.
 r - a +2 arbalest of flaming
 v - the +5 hand axe "Mov Zuagh" {pain, rN+ Str-2 Int+4}
   (You took it off an orc on level 7 of the Dungeon)

   In the hands of one skilled in necromantic magic, it inflicts extra damage on
   living creatures.
   Str:       It affects your strength (-2).
   Int:       It affects your intelligence (+4).
   rN:        It protects you from negative energy.
Missiles
 y - 2 atropa-tipped darts
Armour
 a - a +0 robe
 b - a +1 robe of fire resistance
 f - a +0 pair of gloves (worn)
 z - a scarf of repulsion (worn)
 E - a +0 pair of boots of stealth (worn)
 N - +0 acid dragon scales
 O - +0 steam dragon scales (worn)
Jewellery
 d - a ring of positive energy
 p - a +6 ring of strength (right hand)
 q - a +4 ring of protection (left hand)
 t - a ring of fire
 A - an amulet of regeneration (around neck)
 K - an amulet of magic regeneration
Wands
 g - a wand of roots (10)
 k - a wand of polymorph (3) (quivered)
Scrolls
 h - a scroll of brand weapon
 m - 3 scrolls of blinking
 o - 2 scrolls of enchant weapon
 s - 2 scrolls of teleportation
 w - a scroll of magic mapping
 F - 3 scrolls of acquirement
 G - 2 scrolls of immolation {unknown}
 I - a scroll of noise
 J - a scroll of torment
 M - 2 scrolls of amnesia {unknown}
 P - a scroll of butterflies
Potions
 c - a potion of mutation
 u - a potion of brilliance
 x - 2 potions of resistance
 C - a potion of might
 D - 2 potions of degeneration
 H - 3 potions of lignification


   Skills:
 + Level 10.4 Long Blades
 - Level 11.1 Dodging
 - Level 10.1 Stealth
 - Level 7.9 Spellcasting
 + Level 7.1 Necromancy
 - Level 10.2 Ice Magic


You had 8 spell levels left.
You knew the following spells:

 Your Spells              Type           Power      Damage    Failure   Level
a - Freeze                Ice            100%       1d11      1%          1
b - Frozen Ramparts       Ice            92%        1d14      1%          3
c - Ozocubu's Armour      Ice            46%        N/A       1%          3
d - Hailstorm             Conj/Ice       26%        3d7       3%          3
e - Ice Form              Ice/Tmut       26%        N/A       11%         4
f - Summon Ice Beast      Ice/Summ       26%        N/A       11%         4

Your spell library contained the following spells:

 Spells                   Type           Power      Damage    Failure   Level
 Kindle Blastsparks       Fire/Tloc/Air  14%        2d11      28%         3
 Necrotise                Necr           100%       1d9       1%          1
 Sublimation of Blood     Necr           34%        N/A       1%          2
 Vampiric Draining        Necr           34%        2d8       1%          3
 Beastly Appendage        Tmut           14%        N/A       10%         1
 Magic Dart               Conj           28%        1d4       10%         1
 Sandblast                Erth           14%        2d6       10%         1
 Passwall                 Tmut/Erth      5%         N/A       14%         2
 Searing Ray              Conj           14%        2d5       14%         2
 Wereblood                Tmut           7%         N/A       14%         2
 Agony                    Necr           34%        N/A       14%         5
 Inner Flame              Hex/Fire       7%         N/A       28%         3
 Spider Form              Tmut/Pois      7%         N/A       28%         3
 Stone Arrow              Conj/Erth      14%        3d7       28%         3
 Simulacrum               Ice/Necr       20%        N/A       36%         6
 Cause Fear               Hex            3%         N/A       67%         4
 Fulminant Prism          Conj/Hex       3%         3d6       67%         4
 Summon Hydra             Summ           3%         N/A       100%        7
 Discord                  Hex            3%         N/A       100%        8


Dungeon Overview and Level Annotations

Branches:
Dungeon (10/15)            Temple (0/1) D:7            Lair (0/5) D:10
    Orc (2/2) D:10         Bailey (visited)
    Elf: Orc:2

Altars:
Cheibriados
Hepliaklqana
Makhleb
Nemelex Xobeh
Vehumet
Xom
Yredelemnul
Zin
The Shining One

Shops:
D:6 *   D:7 ==?   D:9 [=   Orc:1 (

Annotations:
Orc:2 Erolcha


Innate Abilities, Weirdness & Mutations

((You are very nimble when in or above water. (Stealth+, EV+, Speed+++)))
Your lower body shifts to a powerful aquatic tail in water.
You are partially covered in iridescent scales. (AC +2)
Your magical capacity is low. (-10% MP)
You are robust. (+10% HP)
You occasionally lose the ability to drink potions when taking damage.


Message History

The bone dragon misses you.
The wall freezes the large abomination.
You destroy the large abomination!
Vehumet accepts your kill.
You feel your power returning.
The shadow completely resists.
The wall freezes the shadow but does no damage.
The shadow slips into darkness.
The shadow flickers and vanishes!
Deactivating autopickup; reactivate with Ctrl-A.
The wall freezes the small abomination!
The small abomination closely misses you.
The wall freezes the large abomination but does no damage.
The wall freezes the bone dragon but does no damage.
The bone dragon bites you but does no damage.
The bone dragon closely misses you.
The bone dragon tramples you but does no damage.
Blink to where?
Press: ? - help, Q - select action, (/) - cycle Dir - move target Your icy armour and frozen ramparts will break if you move.
Continue?
Your icy armour cracks and falls away as you move.
The frozen ramparts melt away as you move.
As you read the scroll of blinking, it crumbles to dust.
A neqoxec comes into view.
You barely miss the ufetubus.
The shadow strikes at you from the darkness!
You feel threatened and lose the ability to drink potions!
* * * LOW HITPOINT WARNING * * *
Reactivating autopickup.
The ufetubus misses you. x2
As you read the scroll of teleportation, it crumbles to dust.
You feel strangely stable. The ufetubus barely misses you.
The ufetubus misses you.
The shadow slips into darkness.
The shadow flickers and vanishes!
Deactivating autopickup; reactivate with Ctrl-A.
The ufetubus barely misses you. The ufetubus closely misses you.
The ufetubus hits you but does no damage.
The ufetubus misses you.
The shadow strikes at you from the darkness!
You die...

#.# #.. # .
.#... . .. .
..... .. ...
..#. .
.....#.# # .
.###..#.# #. .
..#.@...# ..
.. ##.5.## ..
. §##.#x..#
.## . . #
.X...#....# .
..
........†.####
..
#.#.###.D### #
#
.....####.##..
# . # ..# ##
#..#...# .
#...
###...#.#....#


You could see a bone dragon, a large abomination, a small abomination and an
ufetubus.

Vanquished Creatures
  A very ugly thing (Abyss:2)
  A great orb of eyes (Abyss:2)
  2 two-headed ogres
  2 orc high priests
  The ghost of Garessta the Carver, a novice DsGl of Makhleb (D:9)
  A sun demon (Abyss:2)
  A large abomination (Abyss:2)
  The ghost of Smoky173 the Basher, a novice MiFi of Yredelemnul (D:8)
  Pikel (D:6)
  A kobold demonologist (Bailey)
  A komodo dragon (D:10)
  An ancient zyme (Abyss:2)
  6 trolls
  A blink frog (Abyss:2)
  Sigmund (D:3)
  A ynoxinul (Abyss:2)
  A starcursed mass (Abyss:2)
  7 yaks
  A fire bat (Abyss:2)
  2 basilisks (D:10)
  2 wyverns (D:10)
  A steam dragon (D:10)
  3 wargs
  A water moccasin (D:8)
  2 acid dragons (D:9)
  14 orc warriors
  Pargi (D:3)
  A sky beast (D:8)
  An ice beast (D:8)
  4 black bears
  An ogre (D:5)
  4 lemures (D:6)
  4 centaurs
  4 phantoms
  6 kobold brigands
  Blork the orc (D:6)
  A small abomination (Abyss:2)
  4 gnoll sergeants
  5 bullfrogs
  A necrophage (D:5)
  8 scorpions
  6 killer bees (D:7)
  3 electric eels (Bailey)
  4 howler monkeys
  A nameless horror (D:8)
  A crimson imp (D:7)
  5 hounds
  A quasit (Abyss:2)
  2 jellies (D:5)
  7 orc priests
  3 gnoll boudas
  Jessica (D:3)
  5 iguanas
  13 orc wizards
  23 gnolls
  15 adders
  A shadow imp (D:7)
  3 worms
  2 dart slugs
  39 orcs
  8 bats
  7 endoplasms
  A giant cockroach (D:1)
  35 goblins
  43 hobgoblins
  4 jackals (D:2)
  36 kobolds
  2 quokkas
  6 ball pythons
  6 rats
386 creatures vanquished.

Vanquished Creatures (collateral kills)
  A hydra (D:9)
  A starcursed mass (Abyss:2)
2 creatures vanquished.

Vanquished Creatures (others)
  A chaos spawn (Abyss:2)
  5 fungi (D:5)
  15 plants
21 creatures vanquished.

Grand Total: 409 creatures vanquished

Notes
Turn   | Place    | Note
-------+----------+-------------------------------------------
     0 | D:1      | elmucho the Merfolk Ice Elementalist began the quest for
                  | the Orb.
     0 | D:1      | Reached XP level 1. HP: 13/13 MP: 3/3
    81 | D:1      | Found a faded altar of an unknown god.
   160 | D:1      | Reached XP level 2. HP: 19/19 MP: 1/5
   170 | D:1      | Gained mutation: Your magical capacity is low. (-10% MP)
                  | [potion of mutation]
   170 | D:1      | Gained mutation: You occasionally lose the ability to drink
                  | potions when taking damage. [potion of mutation]
   170 | D:1      | Gained mutation: You are partially covered in iridescent
                  | scales. (AC +2) [potion of mutation]
   170 | D:1      | Gained mutation: You are robust. (+10% HP) [potion of
                  | mutation]
   303 | D:1      | Reached skill level 3 in Dodging
  1125 | D:2      | Reached XP level 3. HP: 18/26 MP: 0/5
  1347 | D:2      | Learned a level 3 spell: Frozen Ramparts
  1430 | D:2      | Reached XP level 4. HP: 33/33 MP: 4/7
  1875 | D:3      | Noticed Pargi
  1875 | D:3      | Found a shimmering altar of Xom.
  1892 | D:3      | Noticed Jessica
  1907 | D:3      | Killed Pargi
  1908 | D:3      | Reached skill level 4 in Dodging
  1908 | D:3      | Reached skill level 5 in Ice Magic
  1908 | D:3      | Reached XP level 5. HP: 4/38 MP: 1/8
  1944 | D:3      | Killed Jessica
  2207 | D:3      | Reached XP level 6. HP: 22/45 MP: 3/9
  2233 | D:3      | Learned a level 3 spell: Ozocubu's Armour
  2872 | D:3      | Reached skill level 5 in Dodging
  3147 | D:3      | Learned a level 3 spell: Hailstorm
  3198 | D:3      | Noticed Sigmund
  3217 | D:3      | Killed Sigmund
  3218 | D:3      | Reached skill level 5 in Stealth
  3218 | D:3      | Reached XP level 7. HP: 50/50 MP: 6/11
  3791 | D:4      | Reached skill level 6 in Dodging
  3986 | D:4      | Reached XP level 8. HP: 53/57 MP: 4/13
  4619 | D:5      | Entered Level 5 of the Dungeon
  4857 | D:5      | Reached skill level 7 in Dodging
  5039 | D:5      | Reached skill level 5 in Spellcasting
  5483 | D:5      | Reached XP level 9. HP: 26/62 MP: 9/15
  5922 | D:5      | Reached skill level 8 in Dodging
  5949 | D:5      | Found the +7 Singing Sword {vorpal, sonic wave}
  6085 | D:6      | Found Beuzystuff's Neck Hole.
  6259 | D:6      | Found a glowing silver altar of Zin.
  6265 | D:6      | Found a sparkling altar of Nemelex Xobeh.
  6347 | D:6      | Bought a scarf of repulsion for 156 gold pieces
  6725 | D:6      | Noticed Blork the orc
  6771 | D:6      | Killed Blork the orc
  6807 | D:6      | Noticed Pikel
  6863 | D:6      | Killed Pikel
  6864 | D:6      | Reached skill level 9 in Dodging
  7081 | D:7      | Found Hoser's Jewellery Shoppe.
  7206 | D:7      | Found a flagged portal.
  7301 | Bailey   | Entered a bailey
  7390 | Bailey   | Reached XP level 10. HP: 64/69 MP: 11/17
  7456 | Bailey   | Noticed a kobold demonologist
  7462 | Bailey   | Killed a kobold demonologist
  7523 | Bailey   | Found an iron altar of Okawaru.
  7523 | Bailey   | Noticed an orc high priest
  7567 | Bailey   | Killed an orc high priest
  7568 | Bailey   | Reached skill level 10 in Dodging
  7963 | D:7      | Identified the +5 hand axe "Mov Zuagh" {pain, rN+ Str-2
                  | Int+4}
  8173 | D:7      | Found Udiynuh's Jewellery Boutique.
  8215 | D:7      | Found Gahof's Magic Scroll Shop.
  8360 | D:7      | Found a glowing golden altar of the Shining One.
  8382 | D:7      | Found a staircase to the Ecumenical Temple.
  8585 | D:7      | Found a radiant altar of Vehumet.
  8588 | D:7      | Became a worshipper of Vehumet
  8777 | D:8      | Reached skill level 10 in Ice Magic
  8842 | D:8      | Reached skill level 10 in Stealth
  8854 | D:8      | Learned a level 4 spell: Ice Form
  8859 | D:8      | Learned a level 4 spell: Summon Ice Beast
  8885 | D:8      | Reached XP level 11. HP: 45/74 MP: 20/20
  8887 | D:8      | Reached skill level 1 in Long Blades
  8887 | D:8      | Reached skill level 11 in Dodging
  9043 | D:8      | Noticed a two-headed ogre
  9115 | D:8      | Reached * piety under Vehumet
  9115 | D:8      | Offered knowledge of Kiss of Death by Vehumet.
  9253 | D:8      | Reached skill level 1 in Necromancy
  9281 | D:8      | Killed a two-headed ogre
  9384 | D:8      | Found a runed translucent gate.
  9384 | D:8      | Found a runed translucent gate.
  9385 | D:8      | Found a runed translucent gate.
  9388 | D:8      | Noticed Smoky173's ghost (novice MiFi)
  9401 | D:8      | Killed Smoky173's ghost
  9446 | D:9      | Noticed Garessta's ghost (novice DsGl)
  9457 | D:9      | Found Vuamn's Armour Shop.
  9791 | D:9      | Noticed a six-headed hydra
  9800 | D:9      | Killed a seven-headed hydra
  9801 | D:9      | Reached skill level 5 in Long Blades
  9870 | D:9      | Found the +1 robe of Vines {NoPotionHeal Regen++++}
 10227 | D:9      | Found a runed translucent door.
 10254 | D:9      | Killed Garessta's ghost
 10328 | D:9      | Reached ** piety under Vehumet
 10329 | D:9      | Offered knowledge of Shock by Vehumet.
 10358 | D:9      | Found Simuut Nunoc's Jewellery Shop.
 10516 | D:10     | Entered Level 10 of the Dungeon
 10525 | D:10     | Found a snail-covered altar of Cheibriados.
 10539 | D:10     | Found a burning altar of Makhleb.
 10585 | D:10     | Found a hazy altar of Hepliaklqana.
 10599 | D:10     | Found a basalt altar of Yredelemnul.
 10846 | D:10     | Noticed a two-headed ogre
 10851 | D:10     | Killed a two-headed ogre
 11080 | D:10     | Reached skill level 5 in Necromancy
 11161 | D:10     | Found a staircase to the Lair.
 11269 | D:10     | Reached XP level 12. HP: 81/81 MP: 21/21
 11341 | D:10     | Found a staircase to the Orcish Mines.
 11774 | Orc:1    | Entered Level 1 of the Orcish Mines
 11774 | Orc:1    | Noticed an orc high priest
 11774 | Orc:1    | Found Cijuirgh's Weapon Boutique.
 11798 | Orc:1    | Noticed a soul eater
 11800 | Orc:1    | Killed an orc high priest
 11909 | Orc:2    | Entered Level 2 of the Orcish Mines
 11909 | Orc:2    | Noticed Erolcha
 11912 | Abyss:2  | Cast into level 2 of the Abyss (Erolcha)
 11954 | Abyss:2  | Noticed a tentacled starspawn
 11955 | Abyss:2  | Noticed a red very ugly thing
 11955 | Abyss:2  | Noticed a sun demon
 11957 | Abyss:2  | Upgraded the game from 0.30-a0-218-gedb9141078 to
                  | 0.30-a0-219-gf2db51d15e
 11985 | Abyss:2  | Killed a sun demon
 12018 | Abyss:2  | Noticed a starcursed mass
 12028 | Abyss:2  | Offered knowledge of Kindle Blastsparks by Vehumet.
 12031 | Abyss:2  | Noticed a great orb of eyes
 12037 | Abyss:2  | Killed a great orb of eyes
 12041 | Abyss:2  | Noticed a bone dragon
 12052 | Abyss:2  | Killed a red very ugly thing
 12053 | Abyss:2  | Reached skill level 10 in Long Blades
 12061 | Abyss:2  | Mangled by a shadow

Illustrated notes

Levels and vault maps discovered:
D:1:      minmay_arrival_semitransparent, layout_basic,
          ebering_ecumenical_altar_abandoned, minmay_fountain_box,
          chequers_serial_rivers_small_b, hangedman_decor_riveting,
          minmay_misc_feat_iff, st_stairs_5, chequers_mini_garden,
          serial_bayou_pond_e
D:2:      layout_basic
D:3:      minmay_goblin_kobold_castle, layout_basic,
          mainiacjoe_overflow_chevrons, uniq_pargi, uniq_sigmund, uniq_jessica
D:4:      layout_cave_pods, chequers_serial_rivers_small_a, minmay_distorted
D:5:      old_forge, layout_basic, serial_bayou_pond_e
D:6:      minmay_skewed_foursquare, layout_rooms, mainiacjoe_overflow_big_doors,
          serial_park_tiny_2, nicolae_shop_sticking_my_neck_out,
          uniq_blork_the_orc, uniq_pikel
D:7:      layout_loops_ring, kennysheep_mini_moat, lemuel_tele_altar,
          minmay_temple_entry_from_below_a, serial_shops, nicolae_stop_n_shop_2,
          nicolae_shop_stone, nicolae_shop_crystal, enter_bailey_8,
          hangedman_decor_push, hangedman_abyss_or_decor_lesser_grid,
          pf_guarded_unrand_woodcutter
D:8:      layout_rooms, gammafunk_ghost_spectres, grunt_livestock, minivault_19
D:9:      layout_basic, hellmonk_ghost_happy_afterlife, serial_shops,
          nicolae_diamond_shop, nicolae_stop_n_shop_1,
          hellmonk_guarded_unrand_vines
D:10:     layout_irregular_city, nicolae_overflow_quartered_altars,
          erik_lair_dragon, erik_orc_3
Orc:1:    layout_caves, serial_shops, nicolae_shop_bloodbath_and_beyond
Orc:2:    st_orc_town, layout_caves, roderic_batcave, uniq_erolcha
Abyss:2:  base: IceCv, hangedman_decor_points, lemuel_flamethrower_3,
          hangedman_abyss_or_decor_slice, base:
IceCv

Skill      XL: |  1  2  3  4  5  6  7  8  9 10 11 12 |
---------------+-------------------------------------+-----
Dodging        | 3 4 5 6 7 9 10 11 | 11.1
Stealth        | 3 4 5 7 8 10 | 10.1
Spellcasting   | 3 4 5 6 7 |  7.9
Ice Magic      | 5 6 7 8 10 | 10.2
Long Blades    | 7 10 | 10.4
Necromancy     | 5 7 |  7.1

Action                   |  1- 3 |  4- 6 |  7- 9 | 10-12 || total
-------------------------+-------+-------+-------+-------++-------
Melee: Short sword       |    44 |    79 |   111 |       ||   234
       Punch             |       |     2 |     1 |     3 ||     6
       Double sword      |       |       |    59 |   175 ||   234
       Unarmed           |       |       |       |    45 ||    45
 Cast: Freeze            |    37 |    51 |    79 |    27 ||   194
       Frozen Ramparts   |     1 |    18 |    16 |    33 ||    68
       Ozocubu's Armour  |       |     2 |     3 |    12 ||    17
       Hailstorm         |       |       |    11 |    15 ||    26
       Summon Ice Beast  |       |       |       |     6 ||     6
       Ice Form          |       |       |       |     3 ||     3
Evoke: Wand              |       |       |     3 |     1 ||     4
  Use: Scroll            |     1 |     4 |     7 |     9 ||    21
       Potion            |     1 |     3 |     5 |     7 ||    16
 Stab: Sleeping          |     1 |       |     3 |     5 ||     9
       Distracted        |       |       |       |     2 ||     2
Armor: Robe              |    17 |    42 |    68 |    42 ||   169
       Skin              |       |       |       |    28 ||    28
       Acid dragon scale |       |       |       |    13 ||    13
       Steam dragon scal |       |       |       |    26 ||    26
Dodge: Dodged            |    44 |   136 |   233 |   281 ||   694
       Repelled          |       |       |       |     2 ||     2

Table legend: (Time is in decaauts)
 A = Elapsed time spent in this place.
 B = Non-inter-level travel time spent in this place.
 C = Inter-level travel time spent in this place.
 D = Time resting spent in this place.
 E = Time spent auto-exploring this place.
 F = Levels seen in this place.
 G = Mean time per level.
                   A        B        C        D        E       F      G
               +--------+--------+--------+--------+--------+-----+--------+
         Total |  12078 |  11900 |    178 |    852 |   1463 |  14 |  862.7 |
       Dungeon |  11268 |  11090 |    178 |    743 |   1452 |  10 | 1126.8 |
  Orcish Mines |    137 |    137 |      0 |     15 |      0 |   2 |   68.5 |
         Abyss |    148 |    148 |      0 |     10 |      0 |   1 |  148.0 |
        Bailey |    524 |    524 |      0 |     84 |     11 |   1 |  524.0 |
               +--------+--------+--------+--------+--------+-----+--------+

Top non-repeatable levels by time:
     D:3: 1539 daAuts
     D:5: 1419 daAuts
    D:10: 1265 daAuts
     D:4: 1167 daAuts
     D:9: 1079 daAuts
     D:6: 1044 daAuts
     D:7: 1029 daAuts
     D:1: 967 daAuts
     D:2: 901 daAuts
     D:8: 852 daAuts
  Bailey: 524 daAuts
 Abyss:2: 148 daAuts
   Orc:1: 134 daAuts
   Orc:2: 2 daAuts
